 Dungeon Crawl Stone Soup version 0.28.0-45-g0d030f2227 (webtiles) character file.

Game seed: 4361657521140558308

532 pkoi the Insei (level 6, -2/51 HPs)
             Began as a Demigod Delver on Apr 25, 2022.
             Killed by divine providence
             ... invoked by an orc priest
              (11 damage)
             ... on level 5 of the Dungeon.
             The game lasted 00:05:11 (4385 turns).

pkoi the Insei (Demigod Delver)                     Turns: 4385, Time: 00:05:12

Health: -2/51      AC: 19    Str: 22    XL:     6   Next: 73%
Magic:  8/8        EV:  7    Int: 22    God:
Gold:   114        SH:  0    Dex: 15    Spells: 5/5 levels left

rFire   . . .      SeeInvis .     - Unarmed
rCold   . . .      Faith    .   (no shield)
rNeg    . . .      Spirit   .   u - +6 plate armour "Gupnairy" {Regen+}
rPois   +          Reflect  .   (no helmet)
rElec   .          Harm     .   r - +0 cloak
rCorr   .          Rampage  .   h - +1 pair of gloves {Str+3}
Will    .....                   (no boots)
Stlth   ..........              (no amulet)
HPRegen 0.97/turn               d - +6 ring of strength
MPRegen 0.11/turn               p - ring of poison resistance

@: no status effects
A: high MP 1, forlorn, divine attributes, clever 1, deterioration 1
a: no special abilities


You were on level 5 of the Dungeon.
You visited 1 branch of the dungeon, and saw 5 of its levels.

You collected 114 gold pieces.

Inventory:

Hand Weapons
 g - a +0 dagger
 j - a +3 whip of flaming
Missiles
 o - 8 poisoned darts (quivered)
Armour
 a - a +0 leather armour
 h - a +1 pair of gloves of strength (worn)
 m - a +0 chain mail
 r - a +0 cloak (worn)
 u - the +6 plate armour "Gupnairy" (worn) {Regen+}
   (You found it on level 4 of the Dungeon)

   Regen:     It increases your rate of health regeneration.
Jewellery
 d - a +6 ring of strength (left hand)
 p - a ring of poison resistance (right hand)
Wands
 f - a wand of digging (3)
 s - a wand of charming (12)
Scrolls
 b - 2 scrolls of fog
 c - 2 scrolls of magic mapping
 k - a scroll of teleportation
 l - 2 scrolls of fear
 n - 2 scrolls of identify
Potions
 e - 2 potions of haste
 i - a potion of curing
 q - a potion of flight
 t - a potion of resistance


   Skills:
 - Level 3.0 Fighting
 - Level 3.0 Dodging
 - Level 5.0 Stealth
 + Level 6.1 Unarmed Combat


You had 5 spell levels left.
You didn't know any spells.
Your spell library was empty.

Dungeon Overview and Level Annotations

Branches:
Dungeon (5/15)
 Temple: D:4-7

Annotations:
D:2 Terence
D:4 3 runed translucent doors, Edmund; Sigmund; seaoflcl's ghost, amateur HuFi


Innate Abilities, Weirdness & Mutations

You have an increased reservoir of magic. (+10% MP)
You shall have no god before yourself.
Your divine heritage dramatically boosts your attributes as you level up.
Your mind is acute. (Int +2)
Your body sometimes deteriorates upon taking damage.


Message History

A white imp is nearby!
A white imp is nearby!
A white imp is nearby!
A white imp is nearby!
An orc wizard opens the door.
An orc comes into view. It is wielding a +0 dagger.
An orc comes into view. It is wielding a +0 mace.
The orc wizard shouts!
The orc shouts!
You hear an angry hiss.
An orc priest comes into view. It is wielding a +0 mace.
The white imp barely misses you.
You hit the white imp but do no damage.
You punch the white imp, but do no damage.
The white imp gestures at you. The puff of frost hits you.
You are too injured to fight recklessly!
The orc wizard casts a spell at you.
The magic dart hits you but does no damage.
The orc priest calls down the wrath of Beogh upon you.
Beogh smites you!
* * * LOW HITPOINT WARNING * * *
The orc hits you but does no damage.
The ogre shouts!
The orc wizard casts a spell.
The orc wizard flickers and vanishes!
Deactivating autopickup; reactivate with Ctrl-A.
The white imp shouts, "Give up, thou unhinged tickle-brained tiler!"
Something unseen opens the door.
The ogre shouts!
The ogre closely misses you. The white imp gestures at you.
The puff of frost hits you!
* * * LOW HITPOINT WARNING * * *
The ogre barely misses you.
There is a stone staircase leading up here.
The ogre hits you with a +0 giant club!!
* * * LOW HITPOINT WARNING * * *
The ogre completely misses you.
The orc priest calls down the wrath of Beogh upon you.
Beogh smites you!
You die...

............. ...... #..........
######....##+#.......... .....
....'......†.##...
.##....##...#........##.##
.............#........##.#.
.............#...o....'..o. ..!
#.........O.#........##.#. ......
+........@Oo.....$......#
.......#.........#5o......$......
.#.....#....|....................
.#....................(..........
.#..............###.#.###........
................+.......+........
................###+#'###.......
................#.......#
#...........###.........####.


You could see 2 ogres, an orc priest, a white imp and 2 orcs.

Vanquished Creatures
  A steam dragon (D:5)
  A necrophage (D:4)
  A phantom (D:5)
  A scorpion (D:3)
  A hound (D:5)
  2 jellies
  An orc wizard (D:3)
  An adder (D:4)
  A shadow imp (D:3)
  3 dart slugs
  4 orcs (D:3)
  A bat (D:3)
  6 endoplasms
  2 giant cockroaches
  5 goblins
  6 hobgoblins
  3 kobolds
  3 quokkas
  6 ball pythons
  2 frilled lizards (D:1)
  3 rats
54 creatures vanquished.

Notes
Turn   | Place    | Note
-------+----------+-------------------------------------------
     0 | D:5      | pkoi the Demigod Delver began the quest for the Orb.
     0 | D:5      | Reached XP level 1. HP: 18/18 MP: 3/3
    39 | D:5      | Noticed an ogre
    40 | D:5      | Noticed an ogre
   109 | D:4      | Noticed a scorpion
   125 | D:3      | Reached skill level 2 in Unarmed Combat
   148 | D:2      | Gained mutation: Your body sometimes deteriorates upon
                  | taking damage. [potion of mutation]
   148 | D:2      | Gained mutation: You are robust. (+10% HP) [potion of
                  | mutation]
   148 | D:2      | Lost mutation: You are robust. (+10% HP) [potion of
                  | mutation]
   148 | D:2      | Gained mutation: Your mind is acute. (Int +2) [potion of
                  | mutation]
   473 | D:1      | Reached XP level 2. HP: 19/25 MP: 4/4
  1162 | D:1      | Reached skill level 3 in Unarmed Combat
  1694 | D:2      | Noticed Terence
  2174 | D:2      | Reached XP level 3. HP: 26/31 MP: 5/5
  2705 | D:3      | Reached XP level 4. HP: 30/38 MP: 6/6
  3135 | D:3      | Reached skill level 4 in Unarmed Combat
  3614 | D:4      | Reached XP level 5. HP: 25/45 MP: 7/7
  3825 | D:4      | Noticed a necrophage
  3838 | D:4      | Killed a necrophage
  3839 | D:4      | Reached skill level 5 in Stealth
  3839 | D:4      | Reached skill level 5 in Unarmed Combat
  3902 | D:4      | Found a runed translucent gate.
  3903 | D:4      | Found a runed translucent gate.
  3904 | D:4      | Found a runed translucent gate.
  3906 | D:4      | Noticed seaoflcl's ghost (amateur HuFi)
  3906 | D:4      | Identified the +1 leather armour "Lakliwka" {rCorr Slay+2}
  3907 | D:4      | Noticed an orc warrior
  4050 | D:4      | Noticed Edmund
  4194 | D:4      | Identified the +6 plate armour "Gupnairy" {Regen+}
  4269 | D:4      | Noticed Sigmund
  4321 | D:5      | Reached XP level 6. HP: 51/51 MP: 8/8
  4350 | D:5      | Noticed a steam dragon
  4364 | D:5      | Killed a steam dragon
  4365 | D:5      | Reached skill level 6 in Unarmed Combat
  4385 | D:5      | Killed from afar by an orc priest

Illustrated notes

Levels and vault maps discovered:
D:1:      dpeg_arrival_tiny_b, layout_basic, ebering_ecumenical_altar_webs
D:2:      layout_basic, uniq_terence
D:3:      layout_rooms, chequers_serial_rivers_small_a, minmay_misc_feat_chi
D:4:      layout_loops_corners, mainiacjoe_overflow_cross_hatched,
          biasface_ghost_orc_armoury, uniq_edmund, uniq_sigmund
D:5:      layout_basic, temple_fountains, kennysheep_small_spiral

Skill      XL: |  1  2  3  4  5  6 |
---------------+-------------------+-----
Unarmed Combat | 2 3 4 5 6 |  6.1
Fighting       | 3 |  3.0
Dodging        | 2 3 |  3.0
Stealth        | 5 |  5.0

Action                   |  1- 3 |  4- 6 || total
-------------------------+-------+-------++-------
Melee: Unarmed           |   159 |   101 ||   260
       Punch             |     2 |     4 ||     6
  Use: Scroll            |     4 |     2 ||     6
       Potion            |     2 |     2 ||     4
 Stab: Sleeping          |     5 |       ||     5
Armor: Leather armour    |    26 |       ||    26
       Chain mail        |    28 |    31 ||    59
       Plate armour      |       |    25 ||    25
Dodge: Dodged            |    78 |    35 ||   113
